 Dungeon Crawl Stone Soup version 0.17.0-24-gcfadda4 (webtiles) character file.

732 Ivanskos the Skirmisher (level 7, 0/51 HPs)
             Began as a High Elf Fighter on Nov 17, 2015.
             Slain by a gnoll
             ... wielding a +0 spear
              (4 damage)
             ... on level 5 of the Dungeon.
             The game lasted 00:29:02 (5034 turns).

Ivanskos the Skirmisher (High Elf Fighter)          Turns: 5034, Time: 00:29:02

Health: 0/51       AC:  6    Str: 17    XL:     7   Next: 45%
Magic:  8/8        EV:  8    Int: 12    God:
Gold:   208        SH:  8    Dex: 15    Spells: 0 memorised, 6 levels left

rFire  + . .     SeeInvis .     a - +0 long sword
rCold  . . .     Clarity  .     o - +1 ring mail {rF+}
rNeg   . . .     SustAt   .     c - +0 shield
rPois  .         Gourm    .     (no helmet)
rElec  .         Spirit   .     (no cloak)
rCorr  +         Warding  .     (no gloves)
rMut   .         Stasis   .     (no boots)
MR     .....                    t - amulet of resist corrosion
Stlth  +.........               (no ring)
                                (no ring)

@: heavily drained, not resistant to hostile enchantments, very unstealthy
A: no striking features
a: no special abilities


You were on level 5 of the Dungeon.
You were not hungry.

You visited 1 branch of the dungeon, and saw 5 of its levels.

You collected 208 gold pieces.

Inventory:

Hand Weapons
 a - a +0 long sword (weapon)
 g - a +0 dagger
 h - a +2 hunting sling of freezing
Armour
 c - a +0 shield (worn)
 o - a +1 ring mail of fire resistance (worn)
Jewellery
 t - an amulet of resist corrosion (around neck)
Wands
 s - a wand of lightning (0)
Scrolls
 d - a scroll of amnesia
 k - 4 scrolls of remove curse
 m - 2 scrolls of fog
 n - 2 scrolls of immolation
Potions
 r - a potion of haste
Books
 b - a book of Maledictions

   Spells                             Type                      Level
   a - Corona                         Hexes                        1
   b - Ensorcelled Hibernation        Hexes/Ice                    2
   c - Confuse                        Hexes                        3
   d - Tukima's Dance                 Hexes                        3
   e - Dazzling Spray                 Conjuration/Hexes            3
Comestibles
 i - a meat ration
 p - 14 fruits


   Skills:
 * Level 5.6(4.0) Fighting
 * Level 5.6(4.0) Long Blades
 + Level 3.6(2.1) Armour
 + Level 3.2(1.7) Dodging
 + Level 3.8(2.3) Shields


You had 6 spell levels left.
You didn't know any spells.

Dungeon Overview and Level Annotations

Branches:
Dungeon (5/15)
 Temple: D:4-7

Altars:

Shops:
D:4 %


Message History

The gnoll hits you from afar with a spear.
* * * LOW HITPOINT WARNING * * *
You slash the gnoll!
You kill the gnoll!
The gnoll hits you but does no damage.
The gnoll hits you from afar with a spear!
* * * LOW HITPOINT WARNING * * *
You block the gnoll's attack. The gnoll hits you with a spear.
* * * LOW HITPOINT WARNING * * *
The gnoll hits you but does no damage.
You hit the gnoll.
The gnoll is heavily wounded.
You block the gnoll's attack. x2
You slash the gnoll!
You kill the gnoll!
The gnoll closely misses you.
A gnoll is nearby!
The gnoll hits you from afar with a spear.
You die...

#.............#
#.#############
#.##.....# ######
#.##.###.# #.....
#....###.####.####
...................####
..##.#.#....#.##.......
#.#.#.#....##.###### .
. #@#.#..####.# #. .#
#.#.#..####.# #...
##g#.#.<.....####
#...##....#.#.#......#
#...........#.....##.#
....##......###.#.##.#
....###.###.....#.##.#
..g.g........####....#
.............# ######


You could see a gnoll.

Vanquished Creatures
  A phantom (D:4)
  A sky beast (D:4)
  A water moccasin skeleton (D:4)
  A crimson imp (D:4)
  A centaur zombie (D:3)
  A gnoll shaman (D:5)
  3 iguanas (D:4)
  2 giant frog skeletons
  3 orc wizards
  Terence (D:3)
  5 adders
  2 gnolls (D:5)
  An ooze (D:3)
  2 adder skeletons (D:4)
  2 worms
  20 orcs
  3 ball pythons
  8 bats
  3 giant cockroaches
  4 hobgoblins
  4 jackals (D:3)
  7 kobolds
  A quokka (D:2)
  2 giant geckos
  5 giant newts
  11 goblins
  2 rats
97 creatures vanquished.

Notes
Turn   | Place    | Note
--------------------------------------------------------------
     0 | D:1      | Ivanskos the High Elf Fighter began the quest for the Orb.
     0 | D:1      | Reached XP level 1. HP: 16/16 MP: 2/2
   291 | D:1      | Reached XP level 2. HP: 17/21 MP: 3/3
   876 | D:2      | Reached XP level 3. HP: 19/26 MP: 4/4
  1529 | D:2      | Reached skill level 1 in Dodging
  1726 | D:3      | Reached XP level 4. HP: 12/33 MP: 5/5
  1988 | D:3      | Reached skill level 4 in Fighting
  2179 | D:3      | Reached XP level 5. HP: 34/37 MP: 6/6
  2531 | D:3      | Noticed Terence
  2578 | D:3      | Killed Terence
  2748 | D:4      | Reached XP level 6. HP: 5/44 MP: 7/7
  3230 | D:4      | Found Wyimahudd's Food Shoppe.
  3571 | D:4      | Noticed a phantom
  3605 | D:4      | Reached skill level 5 in Fighting
  3636 | D:4      | Killed a phantom
  3636 | D:4      | Reached skill level 5 in Long Blades
  3636 | D:4      | Reached XP level 7. HP: 15/50 MP: 8/8
  4739 | D:5      | Entered Level 5 of the Dungeon
  5034 | D:5      | Slain by a gnoll

Action                   |  1- 3 |  4- 6 |  7- 9 || total
-------------------------+-------+-------+-------++-------
Melee: Long sword        |   160 |   192 |    92 ||   444
Evoke: Wand              |       |     1 |       ||     1
  Use: Scroll            |     6 |     4 |     3 ||    13
       Potion            |     4 |     3 |     2 ||     9
  Eat: Beef jerky        |     1 |       |       ||     1
       Bread ration      |       |     2 |     1 ||     3
